 Dungeon Sprint DCSS version 0.20.1-1-g8b1a95d (webtiles) character file.

7 suicidejoker the Bolt Thrower (level 2, -1/19 HPs)
             Began as an Octopode Assassin on Aug 24, 2017.
             Was an Initiate of Cheibriados.
             Slain by a merfolk
             ... wielding a +0 trident
              (20 damage)
             ... in the Dungeon (Sprint V: "Ziggurat Sprint").
             The game lasted 00:05:26 (96 turns).

suicidejoker the Bolt Thrower (Octopode Assassin)     Turns: 96, Time: 00:05:26

Health: -1/19      AC:  1    Str: 17    XL:     2   Next: 0%
Magic:  2/2        EV: 13    Int: 14    God:    Cheibriados [......]
Gold:   0          SH:  0    Dex: 20    Spells: 1/1 levels left

rFire    . . .     SeeInvis +   O - +9 heavy crossbow "Sniper" {velocity, Acc+∞ SInv}
rCold    . . .     Gourm    .   (shield currently unavailable)
rNeg     . . .     Faith    .   (helmet restricted)
rPois    .         Spirit   .   (no amulet)
rElec    .         Reflect  .   H - +6 ring of dexterity
rCorr    .         Harm     .   M - +6 ring of strength
MR       .....     NoTele   +   (no ring)
Stlth    ++++......             (no ring)
Regen    0.1/turn               (no ring)
MPRegen  0.1/turn               (no ring)
                                (no ring)
                                (no ring)

@: slow
A: almost no armour, stealthy swim, amphibious, 8 rings, constrict 8, camouflage
1, gelatinous body 1
a: Bend Time, Renounce Religion


You were in the Dungeon.
You worshipped Cheibriados.
Cheibriados was noncommittal.
You were not hungry.

You visited 1 branch

Inventory:

Hand Weapons
 O - the +9 heavy crossbow "Sniper" (weapon) {velocity, Acc+∞ SInv}
   (You found it in the Dungeon)

   Any bolt fired from it inflicts extra damage.
   It lets you see invisible.
Missiles
 C - 999 bolts (quivered)
Jewellery
 H - a +6 ring of dexterity (left tentacle)
 M - a +6 ring of strength (right tentacle)
Wands
 D - a wand of disintegration (7/24)
 E - a wand of iceblast (5/15)
 F - a wand of lightning (5/15)
 G - a wand of acid (5/15)
Scrolls
 k - 4 scrolls of blinking
 r - 4 scrolls of amnesia
 s - 3 scrolls of recharging
 t - 7 scrolls of fog
 u - a scroll of holy word
 v - 5 scrolls of identify
 w - 5 scrolls of remove curse
 x - 2 scrolls of fear
Potions
 e - 10 potions of curing
 g - 10 potions of heal wounds
 h - 6 potions of haste
 i - 7 potions of magic
 j - 3 potions of berserk rage
 l - 2 potions of brilliance
 m - 2 potions of invisibility
 n - 4 potions of resistance
 p - 5 potions of agility
 q - 5 potions of might
Miscellaneous
 N - a lightning rod (4/4)
Comestibles
 f - 5 bread rations
 z - 42 fruits
 A - 4 meat rations


   Skills:
 + Level 2.0 Fighting
   Level 2.0 Short Blades
 + Level 7.3 Crossbows
 + Level 2.0 Throwing
 + Level 1.0 Dodging
 + Level 5.3 Stealth


You had one spell level left.
You didn't know any spells.

Dungeon Overview and Level Annotations

Branches:
Dungeon (1/1)

Altars:
Ashenzari
Cheibriados
Dithmenos
Elyvilon
Fedhas
Gozag
Hepliaklqana
Kikubaaqudgha
Makhleb
Nemelex Xobeh
Okawaru
Qazlal
Ru
Sif Muna
Trog
Uskayaw
Vehumet
Xom
Yredelemnul
Zin
The Shining One
Beogh
Jiyva
Lugonu

Annotations:
D 1 transporter


Innate Abilities, Weirdness & Mutations

You cannot wear most types of armour.
You are very stealthy in the water. (Stealth+)
You are amphibious.
You can wear up to eight rings at the same time.
You can use your tentacles to constrict eight enemies at once.
Your skin changes colour to match your surroundings (Stealth+).
Your rubbery body absorbs attacks. (AC +1, EV +1)


Message History

Items here: [[[[[[[
There is a transporter here.
Welcome to arena 1.
You enter the transporter and appear at another place. 2 merfolk come into view.
The merfolk shouts! x2
The merfolk unwields an uncursed trident.
The merfolk drops an uncursed trident.
The merfolk picks up the +4 flail "Obinoeg" {crush, rElec}.
The merfolk wields the +4 flail "Obinoeg" {crush, rElec}.
Found an uncursed amulet of guardian spirit and an uncursed trident.
Found a transporter.
Firing (i - inventory):
C - 1000 bolts (quivered)
Press: ? - help, Shift-Dir - straight line, f - merfolk
Aim: a merfolk, wielding a trident You shoot a bolt.
The bolt hits the merfolk but does no damage.
The merfolk hits you from afar with a trident!!
Ouch! That really hurt!
You die...

▓▓▓▓▓▓▓
▓.8©8.▓
▓.....▓
▓.).".▓
▓.mm..▓
▓.....▓
▓..@..▓
▓▓▓▓▓▓▓


You could see 2 merfolk.

Vanquished Creatures (others)
  A spatial maelstrom (D)
1 creature vanquished.

Notes
Turn   | Place    | Note
-------+----------+-------------------------------------------
     0 | D        | suicidejoker the Octopode Assassin began the quest for the Orb.
     0 | D        | Reached XP level 1. HP: 14/14 MP: 1/1
     0 | D        | Found a deep blue altar of Sif Muna.
     0 | D        | Found a sacrificial altar of Ru.
     0 | D        | Found a bloodstained altar of Trog.
     0 | D        | Found a stormy altar of Qazlal.
     0 | D        | Found an iron altar of Okawaru.
     0 | D        | Found a sparkling altar of Nemelex Xobeh.
     0 | D        | Found a blossoming altar of Fedhas.
     1 | D        | Banished a spatial maelstrom
     2 | D        | Found a transporter.
     2 | D        | Found an ancient bone altar of Kikubaaqudgha.
     2 | D        | Found a viscous altar of Jiyva.
     2 | D        | Found a corrupted altar of Lugonu.
     2 | D        | Found a hazy altar of Hepliaklqana.
     2 | D        | Found a burning altar of Makhleb.
     2 | D        | Found an opulent altar of Gozag.
    75 | D        | Became a worshipper of Cheibriados the Contemplative
    76 | D        | Reached skill level 7 in Crossbows
    76 | D        | Reached XP level 2. HP: 19/19 MP: 2/2
    95 | D        | Entered arena 2.
    95 | D        | Noticed a merfolk
    95 | D        | Noticed a merfolk
    95 | D        | Found a transporter.
    96 | D        | Slain by a merfolk

Skill      XL: |  1 |
---------------+----+-----
Crossbows      | 7 |  7.3
Fighting       | |  2.0
Short Blades   | |  2.0
Throwing       | |  2.0
Dodging        | |  1.0
Stealth        | |  5.3

Action                   || total
-------------------------++-------
 Fire: Heavy crossbow    ||     1
  Use: Potion            ||     1
